 Dungeon Crawl Stone Soup version 0.31-a0-851-g7ff8af7976 (webtiles) character file.

Game seed: 4399741512634559742

39527 Flugkiller the Fighter (level 14, 0/122 HPs)
             Began as a Ghoul Ice Elementalist on Oct 5, 2023.
             Was the Champion of Fedhas.
             Slain by a polar bear (24 damage)
             ... on level 4 of the Lair of Beasts.
             The game lasted 00:26:54 (13762 turns).

Flugkiller the Fighter (Ghoul Ice Elementalist)    Turns: 13762, Time: 00:26:55

Health: 0/122      AC:  6    Str: 19    XL:     14   Next: 6%
Magic:  24/24      EV: 14    Int: 24    God:    Fedhas [******]
Gold:   80         SH:  0    Dex:  9    Spells: 17/28 levels left

rFire   x . .        m - +4 orcbow (freeze)
rCold   + + .        (shield currently unavailable)
rNeg    + + +        n - +0 toga "Victory" {*Victory Clar}
rPois   ∞            c - +2 hat
rElec   .            (no cloak)
rCorr   .            h - +0 pair of gloves
SInv    .            P - +0 pair of boots
Will    +....        f - amulet of magic regeneration
Stlth   ++           F - +6 ring of intelligence
HPRegen 0.00/turn    T - ring "Posmutt" {rF- rC+ Str+6 Int+4 Slay+4}
MPRegen 0.59/turn

%: clarity
@: inhibited regen
A: claws 1, cold resistance 1, negative energy resistance 3, inhibited
regeneration, torment resistance 2, devour on kill
a: Renounce Religion, Wall of Briars, Grow Ballistomycete, Overgrow, Grow Oklob


You were on level 4 of the Lair of Beasts.
You worshipped Fedhas.
Fedhas was exalted by your worship.
You visited 2 branches of the dungeon, and saw 15 of its levels.
You also visited: Sewer.

You collected 1034 gold pieces.
You spent 954 gold pieces at shops.

Inventory:

Hand Weapons
 j - a +2 spear of venom
   (You took it off a gnoll on level 3 of the Dungeon)
 l - a +2 short sword of draining
   (You took it off a kobold on level 2 of the Dungeon)
 m - a +4 orcbow of freezing (weapon)
   (You took it off a centaur on level 3 of the Dungeon)
Missiles
 k - 3 throwing nets
 E - 2 curare-tipped darts
Armour
 c - a +2 hat (worn)
   (You found it on level 3 of the Dungeon)
 h - a +0 pair of gloves (worn)
   (You found it on level 2 of the Dungeon)
 n - the +0 toga "Victory" (worn) {*Victory Clar}
   (You found it on level 3 of the Dungeon)

   *Victory:  When the wearer kills a threatening monster, it has a chance to
   gain +1 AC, +1 Slay, and +1 Int, capping at +7.
   When the wearer uses a scroll or a potion with a hostile monster in sight,
   its bonuses reset to +0.
   Unequipping it also resets its bonuses to +0.
   Clar:      It protects you from confusion, rage, mesmerisation and fear.
 P - a +0 pair of boots (worn)
   (You found it on level 3 of the Dungeon)
Jewellery
 e - an amulet of faith
   (You found it on level 3 of the Dungeon)
 f - an amulet of magic regeneration (around neck)
   (You found it on level 2 of the Dungeon)
 i - a ring of see invisible
   (You found it on level 11 of the Dungeon)
 s - an amulet of guardian spirit
   (You found it in a sewer)
 C - a ring of wizardry
   (You found it on level 5 of the Dungeon)
 F - a +6 ring of intelligence (left hand)
   (You took it off a centaur on level 6 of the Dungeon)
 T - the ring "Posmutt" (right hand) {rF- rC+ Str+6 Int+4 Slay+4}
   (You bought it in a shop on level 10 of the Dungeon)

   [ring of strength]

   Str+6:     It affects your strength (+6).
   Int+4:     It affects your intelligence (+4).
   Slay+4:    It affects your accuracy & damage with ranged weapons and melee
   (+4).
   rF-:       It makes you vulnerable to fire.
   rC+:       It protects you from cold.
Wands
 p - a wand of quicksilver (9)
   (You found it on level 4 of the Dungeon)
 H - a wand of roots (6)
   (You took it off an orc warrior on level 8 of the Dungeon)
 I - a wand of digging (6)
   (You found it on level 9 of the Dungeon)
 K - a wand of charming (16)
   (You found it on level 8 of the Dungeon)
 L - a wand of flame (8)
   (You found it on level 10 of the Dungeon)
 M - a wand of polymorph (12)
   (You found it on level 11 of the Dungeon)
Scrolls
 a - a scroll of fog
 o - 3 scrolls of poison
 t - 4 scrolls of teleportation
 y - a scroll of fear
 z - a scroll of blinking
 A - 2 scrolls of summoning
 B - 3 scrolls of immolation
 D - 2 scrolls of enchant armour
 G - a scroll of silence
 J - a scroll of torment
 Q - a scroll of revelation {unknown}
Potions
 b - a potion of magic
 d - 4 potions of might
 g - 4 potions of brilliance
 q - 6 potions of curing
 r - a potion of resistance {unknown}
 u - a potion of berserk rage {unknown}
 v - 2 potions of invisibility {unknown}
 w - a potion of heal wounds
 x - 2 potions of lignification {unknown}
 N - 4 potions of attraction
 O - a potion of haste {unknown}
 R - a potion of enlightenment {unknown}
 S - a potion of ambrosia {unknown}


   Skills:
 + Level 10.8 Fighting
 + Level 8.7 Ranged Weapons
 + Level 7.8 Dodging
 - Level 2.1 Stealth
 + Level 7.5 Spellcasting
 + Level 5.3 Conjurations
 + Level 8.5 Summonings
 - Level 8.0 Ice Magic
 + Level 9.4 Invocations
 - Level 4.0 Evocations


You had 17 spell levels left.
You knew the following spells:

 Your Spells              Type           Power      Damage    Failure   Level
a - Freeze                Ice            100%       1d10      1%          1
b - Frozen Ramparts       Ice            94%        1d15      1%          3
c - Ozocubu's Armour      Ice            47%        N/A       1%          3
d - Summon Ice Beast      Ice/Summ       48%        N/A       2%          4

Your spell library contained the following spells:

 Spells                   Type           Power      Damage    Failure   Level
 Summon Small Mammal      Summ           100%       N/A       1%          1
 Foxfire                  Conj/Fire      84%        2x1d8     2%          1
 Apportation              Tloc           18%        N/A       7%          1
 Necrotise                Necr           36%        1d5       7%          1
 Alistair's Intoxication  Tmut/Pois      6%         N/A       88%         5
 Borgnjor's Vile Clutch   Necr/Erth      4%         N/A       88%         5
 Starburst                Conj/Fire      10%        6d5       98%         6
 Eringya's Noxious Bog    Tmut/Pois      4%         4d6       100%        6
 Plasma Beam              Fire/Air       4%         2x1d14    100%        6


Dungeon Overview and Level Annotations

Branches:
Dungeon (11/15) Zot: 25642  Temple (0/1) D:6            Lair (4/5) D:11 Zot: 20258
  Swamp (0/4) Lair:2       Spider (0/4) Lair:3        Sewer (visited)
  Slime: Lair:4-5       Orc: D:9-12

Altars:
Ashenzari
Dithmenos
Fedhas
Gozag
Makhleb
Okawaru
Qazlal
Sif Muna
Trog

Shops:
D:3 ?=   D:7 (   D:10 (=::   D:11 :

Annotations:
D:3 1 runed translucent door, Crazy Yiuf, Ijyb
Lair:3 2 transporters, AppleFox63's ghost, journeyman DEIE


Innate Abilities, Weirdness & Mutations

You are immune to poison.
You have sharp fingernails.
Your flesh is cold resistant. (rC+)
You are immune to negative energy. (rN+++)
You do not regenerate when monsters are visible.
You are immune to unholy pain and torment.
You thrive by killing the living.


Message History

Press: ? - help, Q - select action, (/) - cycle Shift-Dir - straight line, f/p - ice dragon
Aim: an ice dragon (severely wounded, catching its breath, constricted by roots, 95% to hit)
You shoot an arrow. The arrow hits the ice dragon!
The ice dragon is almost dead.
The grasping roots constrict the ice dragon.
The grasping roots constrict the death yak!
The grasping roots constrict the ice devil.
The grasping roots constrict the polar bear!
A bullfrog comes into view.
The polar bear completely resists.
The wall freezes the polar bear but does no damage.
The polar bear goes berserk!
The rime drake resists.
The wall freezes the rime drake.
The wall freezes the ice dragon but does no damage.
The ice dragon completely misses you. The ice dragon barely misses you.
The ice dragon tramples you but does no damage.
The ice devil completely resists.
The wall freezes the ice devil but does no damage.
The wall freezes the death yak.
The death yak gores you!
The wall freezes the ice devil but does no damage.
The ice devil struggles to escape constriction.
Fire: m) +4 orcbow (freeze)
Press: ? - help, Q - select action, (/) - cycle Shift-Dir - straight line, f/p - ice dragon
Aim: an ice dragon (almost dead, catching its breath, constricted by roots, 95% to hit)
You shoot an arrow. The arrow hits the ice dragon!!
You kill the ice dragon!
Fedhas appreciates your contribution to the ecosystem.
You feel better.
The ice dragon scales are intact enough to wear.
The frozen ramparts melt away.
The grasping roots constrict the death yak!
The grasping roots constrict the ice devil.
The grasping roots constrict the polar bear.
The roots release their grip on the death yak.
The roots release their grip on the ice devil.
The roots release their grip on the polar bear.
The death yak gores you!! The polar bear bites you.
The polar bear claws you but does no damage.
The polar bear closely misses you.
Your icy armour cracks and falls away as you move.
The bullfrog hits you but does no damage.
The polar bear bites you!!
* * * LOW HITPOINT WARNING * * *
The polar bear claws you.
* * * LOW HITPOINT WARNING * * *
The polar bear closely misses you. The bullfrog barely misses you.
The bullfrog hits you.
* * * LOW HITPOINT WARNING * * *
The polar bear bites you.
* * * LOW HITPOINT WARNING * * *
The polar bear claws you but does no damage. x2
Okay, then.
You feel much better.
The +0 toga "Victory" stops glowing.
The bullfrog hits you but does no damage.
The polar bear bites you!
* * * LOW HITPOINT WARNING * * *
The polar bear claws you but does no damage.
The polar bear closely misses you.
You feel much better. The bullfrog hits you! The polar bear bites you.
* * * LOW HITPOINT WARNING * * *
The polar bear claws you.
* * * LOW HITPOINT WARNING * * *
The polar bear claws you but does no damage.
The bullfrog hits you.
* * * LOW HITPOINT WARNING * * *
The polar bear misses you.
The polar bear claws you but does no damage.
The polar bear misses you.
As you read the scroll of fear, it crumbles to dust.
You assume a fearsome visage.
The rime drake looks frightened!
The death yak resists with some effort.
The ice devil easily resists.
The ice devil looks frightened!
The polar bear is unaffected.
The bullfrog looks frightened!
The polar bear bites you!
* * * LOW HITPOINT WARNING * * *
The polar bear claws you.
* * * LOW HITPOINT WARNING * * *
The polar bear closely misses you.
You feel much better. The polar bear bites you. The polar bear misses you.
The polar bear completely misses you. The death yak gores you!!
* * * LOW HITPOINT WARNING * * *
The polar bear closely misses you.
The polar bear claws you but does no damage. x2
Blink to where?
Press: ? - help, Dir - move target
As you read the scroll of blinking, it crumbles to dust.
The polar bear rages.
Unknown command.
Aiming: Quicksilver Bolt
Press: ? - help, Shift-Dir - straight line, f - polar bear
Aim: a polar bear (severely wounded, berserk, 81% to hit)
The bolt of dispelling energy hits the polar bear!
The polar bear is almost dead.
The polar bear bites you!
* * * LOW HITPOINT WARNING * * *
The polar bear claws you but does no damage.
The polar bear misses you.
You feel much better. The polar bear bites you!!
You die...
Fedhas appreciates your contribution to the ecosystem.

#...P#.....#.....~~~~~~~≈≈~
#......!#####....~~~≈~≈≈≈~
##.....#.####....~.~~~~~~.
##......###........~.~....
##.......# #..#............
###........# ###..##.........
............# #..#......†.?.
....##.#....######..........>.
.#. ####....@#.#.............
# #..[.#h...............
.#....#..4....#....P#..
P......#.......P........
##.....#....P............
P...#####....Y.........#.
#..## #................. ..#
##................ .P
##...............


You could see a death yak, a polar bear (berserk) and an ice devil.

Vanquished Creatures
  Harold (D:10)
  An ice dragon (Lair:4)
  3 hydras
  3 death yaks
  A two-headed ogre (D:9)
  A boulder beetle (D:11)
  A skyshark (Lair:3)
  A deep troll (Lair:2)
  An ugly thing (D:11)
  15 elephants
  2 black mambas
  Joseph (D:8)
  Maggie (D:8)
  9 cane toads
  2 rime drakes
  2 komodo dragons (Lair:1)
  A troll (D:10)
  A hornet (D:11)
  5 polar bears (Lair:3)
  12 blink frogs
  2 jumping spiders (Lair:3)
  A shadow (D:11)
  6 wyverns
  A vampire (D:8)
  2 wraiths
  A culicivora (Lair:3)
  45 yaks
  3 basilisks
  2 steam dragons
  5 vampire mosquitoes (D:11)
  5 redbacks (Lair:3)
  2 acid dragons
  11 water moccasins
  2 ice beasts
  2 orc warriors
  Pargi (Sewer)
  A sky beast (D:8)
  An ogre (D:4)
  7 black bears
  9 wolves
  4 centaurs
  Blork the orc (D:5)
  A phantom (D:6)
  2 kobold brigands (D:9)
  10 bullfrogs
  4 scorpions
  7 wights
  10 killer bees
  A howler monkey (D:5)
  A jelly (D:8)
  2 hounds
  2 orc priests
  A gnoll bouda (D:5)
  5 iguanas
  10 orc wizards
  21 gnolls
  7 adders
  A shadow imp (D:5)
  A white imp (D:7)
  An ufetubus (D:5)
  2 worms
  3 dart slugs
  22 orcs
  8 endoplasms
  11 goblins
  2 hobgoblins
  3 jackals (D:5)
  8 quokkas
  10 ball pythons
  7 bats
  3 frilled lizards (D:1)
  19 kobolds
  6 rats
369 creatures vanquished.

Vanquished Creatures (collateral kills)
  A fire crab (Lair:3)
  An elephant (Lair:1)
  4 yaks
  A centaur (D:3)
  2 gnoll sergeants
  A howler monkey (D:7)
  An orc priest (D:7)
  A gnoll (D:3)
12 creatures vanquished.

Vanquished Creatures (others)
  An oklob plant (Lair:1)
1 creature vanquished.

Grand Total: 382 creatures vanquished

Notes
Turn   | Place    | Note
-------+----------+-------------------------------------------
     0 | D:1      | Flugkiller the Ghoul Ice Elementalist began the quest for
                  | the Orb.
     0 | D:1      | Reached XP level 1. HP: 14/14 MP: 2/2
   229 | D:1      | Reached XP level 2. HP: 15/20 MP: 2/4
   903 | D:2      | Found a bloodstained altar of Trog.
   968 | D:2      | Found a faded altar of an unknown god.
  1007 | D:2      | Prayed at the altar of an unknown god.
  1007 | D:2      | Became a worshipper of Fedhas Madash
  1007 | D:2      | Reached * piety under Fedhas
  1289 | D:2      | Reached XP level 3. HP: 26/26 MP: 1/5
  1471 | D:2      | Learned a level 3 spell: Frozen Ramparts
  1497 | D:2      | Reached skill level 5 in Ice Magic
  1911 | D:3      | Found Wupeyt's Jewellery Boutique.
  1922 | D:3      | Reached XP level 4. HP: 33/33 MP: 5/7
  1945 | D:3      | Reached ** piety under Fedhas
  2221 | D:3      | Found Tiocse's Magic Scroll Shoppe.
  2454 | D:3      | Found an iron altar of Okawaru.
  2454 | D:3      | Found a runed translucent door.
  2457 | D:3      | Noticed a centaur
  2467 | D:3      | Noticed a gnoll sergeant
  2531 | D:3      | Found the +0 toga "Victory" {*Victory Clar}
  2697 | D:3      | Noticed Ijyb
  2827 | D:3      | Found a runed translucent door.
  2828 | D:3      | Noticed Crazy Yiuf
  2955 | D:3      | Killed a centaur
  2956 | D:3      | Reached skill level 1 in Invocations
  2956 | D:3      | Reached XP level 5. HP: 15/38 MP: 7/9
  3035 | D:3      | Reached XP level 6. HP: 15/45 MP: 10/10
  3204 | D:3      | Learned a level 3 spell: Ozocubu's Armour
  3209 | D:3      | Learned a level 4 spell: Summon Ice Beast
  3467 | D:4      | Found a glowing drain.
  3475 | D:4      | Reached XP level 7. HP: 51/51 MP: 8/12
  3484 | D:4      | Reached skill level 1 in Fighting
  3493 | D:4      | Reached skill level 1 in Summonings
  3522 | D:4      | Reached skill level 2 in Fighting
  3538 | Sewer    | Entered a sewer
  3546 | Sewer    | Noticed Pargi
  3551 | Sewer    | Killed Pargi
  3832 | D:4      | Reached *** piety under Fedhas
  3873 | D:4      | Found a blossoming altar of Fedhas.
  3965 | D:4      | Found a faded altar of an unknown god.
  3965 | D:4      | Found a burning altar of Makhleb.
  3976 | D:4      | Found a shimmering blue altar of Sif Muna.
  3978 | D:4      | Found a faded altar of an unknown god.
  3980 | D:4      | Found a shadowy altar of Dithmenos.
  4180 | D:5      | Entered Level 5 of the Dungeon
  4236 | D:5      | Noticed Blork the orc
  4247 | D:5      | Killed Blork the orc
  4248 | D:5      | Reached XP level 8. HP: 32/61 MP: 7/13
  4301 | D:5      | Reached skill level 5 in Summonings
  4939 | D:6      | Reached skill level 1 in Ranged Weapons
  5009 | D:6      | Reached skill level 3 in Fighting
  5176 | D:6      | Found a broken altar of Ashenzari.
  5239 | D:6      | Reached skill level 4 in Fighting
  5325 | D:6      | Found a staircase to the Ecumenical Temple.
  5502 | D:6      | Reached **** piety under Fedhas
  5599 | D:6      | Reached XP level 9. HP: 71/71 MP: 14/14
  5780 | D:7      | Reached skill level 5 in Spellcasting
  6091 | D:7      | Found an iron altar of Okawaru.
  6129 | D:7      | Found a shimmering blue altar of Sif Muna.
  6135 | D:7      | Reached skill level 5 in Dodging
  6437 | D:7      | Found Owkutudghu's Antique Weapon Boutique.
  6737 | D:8      | Reached skill level 5 in Fighting
  6751 | D:8      | Reached skill level 6 in Fighting
  6751 | D:8      | Reached XP level 10. HP: 79/83 MP: 12/16
  6848 | D:8      | Reached skill level 5 in Invocations
  6853 | D:8      | Noticed Maggie
  6870 | D:8      | Killed Maggie
  6934 | D:8      | Reached skill level 1 in Evocations
  6940 | D:8      | Noticed Joseph
  6946 | D:8      | Killed Joseph
  7062 | D:8      | Found a stormy altar of Qazlal.
  7441 | D:9      | Reached ***** piety under Fedhas
  7828 | D:9      | Noticed a two-headed ogre
  7835 | D:9      | Killed a two-headed ogre
  7836 | D:9      | Reached skill level 7 in Fighting
  7836 | D:9      | Reached skill level 5 in Ranged Weapons
  7920 | D:10     | Entered Level 10 of the Dungeon
  8033 | D:10     | Noticed Harold
  8046 | D:10     | Killed Harold
  8047 | D:10     | Reached skill level 8 in Fighting
  8047 | D:10     | Reached XP level 11. HP: 55/94 MP: 12/17
  8134 | D:10     | Found Joerynuo's Jewellery Boutique.
  8183 | D:10     | Found Tigag's Book Shoppe.
  8312 | D:10     | Found Qowupin's Book Emporium.
  8522 | D:10     | Found Wucseotaad's Antique Weapon Boutique.
  8981 | D:11     | Reached skill level 1 in Conjurations
  9017 | D:11     | Found Sasan's Book Emporium.
  9039 | D:11     | Noticed a green ugly thing
  9045 | D:11     | Killed a green ugly thing
  9078 | D:11     | Found a staircase to the Lair.
  9454 | D:11     | Noticed a boulder beetle
  9463 | D:11     | Killed a boulder beetle
  9916 | Lair:1   | Entered Level 1 of the Lair of Beasts
 10018 | Lair:1   | Reached XP level 12. HP: 103/103 MP: 19/19
 10237 | Lair:1   | Reached skill level 9 in Fighting
 10399 | Lair:1   | Reached ****** piety under Fedhas
 10964 | Lair:2   | Found an opulent altar of Gozag.
 11072 | Lair:2   | Reached XP level 13. HP: 107/112 MP: 17/21
 11294 | Lair:1   | Reached skill level 10 in Fighting
 11550 | Lair:2   | Found a staircase to the Swamp.
 12166 | Lair:3   | Noticed AppleFox63's ghost (journeyman DEIE)
 12166 | Lair:3   | Found a transporter.
 12331 | Lair:3   | Found a transporter.
 12390 | Lair:3   | Found a hole to the Spider Nest.
 12767 | Lair:3   | Reached skill level 5 in Conjurations
 13477 | D:10     | Bought the ring "Posmutt" {rF- rC+ Str+6 Int+4 Slay+4} for
                  | 954 gold pieces
 13642 | Lair:4   | Reached XP level 14. HP: 122/122 MP: 24/24
 13761 | Lair:4   | HP: 2/122 [polar bear (13)]
 13762 | Lair:4   | Slain by a polar bear

Illustrated notes

Levels and vault maps discovered:
D:1:      lightli_arrival_chessboard, layout_loops_ring
D:2:      layout_basic, basic_ecumenical_altar, basic_altar
D:3:      layout_loops_ring, nicolae_overflow_guarded_unrand_okawaru_victory,
          serial_shops, nicolae_shop_waterfront, shop, uniq_crazy_yiuf_cottage,
          uniq_ijyb
D:4:      layout_loops_ring, chequers_temple_overflow_minitemple,
          lemuel_tele_altar, portal_sewer_entry_f
D:5:      layout_basic, due_unseen_surprise, uniq_blork_the_orc
D:6:      layout_loops_ring, marbit_many_paths,
          minmay_temple_entry_from_below_a, serial_park_tiny_1,
          kennysheep_generic_room_3
D:7:      layout_cave_pods, serial_shops, shop, hangedman_feature_mirror
D:8:      layout_gridville, nicolae_qazlal_general_emergency, uniq_joseph,
          uniq_maggie
D:9:      layout_roguey
D:10:     layout_irregular_city, serial_shops, nicolae_shop_advertising_works
          [nicolae_subvault_shop_adworks], nicolae_shop_gibbet_a_chance, shop,
          nicolae_shop_tiny_waterfront, uniq_harold
D:11:     layout_roguey, lair_entry_dummy, serial_shops, kennysheep_little_box,
          grunt_ministairs_3, minmay_misc_feat_enclosed
Lair:1:   layout_long_grid
Lair:2:   dreamdust_cave_troll, layout_concentric_octagons, swamp_mist,
          basic_altar, grunt_megastairs_5
Lair:3:   beast_lair_carwin_large_1, layout_regular_city,
          nicolae_spider_entry_tight_spaces, gammafunk_ghost_arena,
          serial_bayou_crossing, serial_bayou_shore_b
Lair:4:   dreamdust_isle_of_ice, layout_layer_cave, grunt_megastairs_2,
          serial_bayou_shore_b, infiniplex_staircase_pool_2, lemuel_fruit_fields

Skill      XL: |  1  2  3  4  5  6  7  8  9 10 11 12 13 |
---------------+----------------------------------------+-----
Spellcasting   | 2 3 4 5 6 7 |  7.5
Ice Magic      | 5 6 7 8 |  8.0
Invocations    | 1 2 3 6 7 8 9 |  9.4
Fighting       | 2 4 6 8 9 10 | 10.8
Summonings     | 4 6 7 8 |  8.5
Ranged Weapons | 2 4 6 7 8 |  8.7
Dodging        | 5 6 7 |  7.8
Evocations     | 4 |  4.0
Conjurations   | 2 3 5 |  5.3
Stealth        | |  2.1

Action                     |  1- 3 |  4- 6 |  7- 9 | 10-12 | 13-15 || total
---------------------------+-------+-------+-------+-------+-------++-------
  Melee: Unarmed           |    25 |       |       |       |       ||    25
         Hand axe          |     1 |       |       |       |       ||     1
         Short sword       |    13 |    10 |       |       |       ||    23
         Spear             |       |     5 |       |       |       ||     5
   Fire: Orcbow            |       |    12 |   223 |   425 |   316 ||   976
  Throw: Dart              |       |       |       |     3 |       ||     3
   Cast: Freeze            |    68 |    52 |     8 |       |       ||   128
         Frozen Ramparts   |       |     6 |    22 |    26 |    13 ||    67
         Ozocubu's Armour  |       |     1 |    10 |    24 |    12 ||    47
         Summon Ice Beast  |       |       |     6 |    15 |     5 ||    26
 Invoke: Wall of Briars    |       |     3 |       |       |       ||     3
  Evoke: Wand              |       |       |       |       |     4 ||     4
    Use: Scroll            |     3 |     2 |    13 |     3 |     3 ||    24
         Potion            |       |       |       |     1 |     4 ||     5
 Armour: Robe              |    52 |    45 |   100 |   255 |   207 ||   659
  Dodge: Dodged            |    52 |    31 |    95 |   213 |   134 ||   525

Table legend: (Time is in decaauts)
 A = Elapsed time spent in this place.
 B = Non-inter-level travel time spent in this place.
 C = Inter-level travel time spent in this place.
 D = Time resting spent in this place.
 E = Time spent auto-exploring this place.
 F = Levels seen in this place.
 G = Mean time per level.
                   A        B        C        D        E       F      G
               +--------+--------+--------+--------+--------+-----+--------+
         Total |  14020 |  13295 |    725 |   2419 |   7858 |  16 |  876.2 |
       Dungeon |  10126 |   9640 |    486 |   1750 |   5862 |  11 |  920.5 |
          Lair |   3740 |   3501 |    239 |    669 |   1894 |   4 |  935.0 |
         Sewer |    153 |    153 |      0 |      0 |    101 |   1 |  153.0 |
               +--------+--------+--------+--------+--------+-----+--------+

Top non-repeatable levels by time:
     D:3: 1418 daAuts
    D:11: 1271 daAuts
  Lair:1: 1244 daAuts
  Lair:3: 1230 daAuts
  Lair:2: 1130 daAuts
     D:1: 1020 daAuts
     D:2: 958 daAuts
    D:10: 946 daAuts
     D:6: 908 daAuts
     D:7: 850 daAuts
     D:8: 819 daAuts
     D:5: 760 daAuts
     D:4: 677 daAuts
     D:9: 495 daAuts
   Sewer: 153 daAuts
